 Dungeon Crawl Stone Soup version 0.27-a0-1281-ge233d83751 (webtiles) character file.

Game seed: 8929445936741993693

2814 avis the Basher (level 9, -2/75 HPs)
             Began as a Deep Dwarf Fighter on June 13, 2021.
             Was an Initiate of Makhleb.
             Slain by Harold (15 damage)
             ... on level 7 of the Dungeon.
             The game lasted 00:38:14 (7227 turns).

avis the Basher (Deep Dwarf Fighter)                Turns: 7227, Time: 00:38:14

Health: -2/75      AC: 10    Str: 27    XL:     9   Next: 44%
Magic:  6/6        EV:  6    Int:  9    God:    Makhleb [......]
Gold:   116        SH: 10    Dex: 12    Spells: 5/8 levels left

rFire    . . .     SeeInvis .   h - +0 broad axe (flame)
rCold    . . .     Faith    .   c - +0 kite shield
rNeg     . . .     Spirit   .   E - +1 chain mail "Umofupso" {Str+4}
rPois    .         Reflect  .   (no helmet)
rElec    .         Harm     .   (no cloak)
rCorr    .         Rampage  .   (no gloves)
Will     +....                  (no boots)
Stlth    ..........             (no amulet)
HPRegen  0.00/turn              s - ring of wizardry
MPRegen  0.10/turn              (no ring)

@: no status effects
A: damage resistance, heal wounds, sense surroundings 2, no regeneration
a: Heal Wounds, Renounce Religion


You were on level 7 of the Dungeon.
You worshipped Makhleb.
Makhleb was noncommittal.
You visited 2 branches of the dungeon, and saw 8 of its levels.

You collected 486 gold pieces.
You spent 370 gold pieces at shops.

Inventory:

Hand Weapons
 a - a +0 flail
 b - a +2 antimagic short sword
 h - a +0 broad axe of flaming (weapon)
 w - a +0 antimagic flail
Missiles
 e - 25 poisoned darts
 f - 86 stones
 k - 23 arrows
 l - 16 boomerangs (quivered)
 I - 13 bolts
Armour
 c - a +0 kite shield (worn)
 j - +0 steam dragon scales
 B - a +0 plate armour
 E - the +1 chain mail "Umofupso" (worn) {Str+4}
   (You found it on level 7 of the Dungeon)

   It affects your strength (+4).
Jewellery
 o - a ring of fire
 s - a ring of wizardry (left hand)
Wands
 g - a wand of mindburst (6)
 x - a wand of iceblast (8)
 D - a wand of flame (9)
Scrolls
 i - 3 scrolls of blinking {unknown}
 n - 8 scrolls of teleportation
 q - 2 scrolls of amnesia {unknown}
 r - 2 scrolls of magic mapping
 t - a scroll of enchant armour {unknown}
 v - a scroll of holy word {unknown}
 y - 2 scrolls of fog {unknown}
 z - 2 scrolls of noise {unknown}
 A - 2 scrolls of brand weapon
 J - a scroll of summoning {unknown}
Potions
 d - a potion of might
 m - 2 potions of heal wounds {unknown}
 p - 2 potions of resistance {unknown}
 u - 7 potions of curing {unknown}
 C - a potion of attraction {unknown}
 F - a potion of lignification {unknown}
 G - a potion of cancellation {unknown}
 H - a potion of magic {unknown}


   Skills:
 + Level 3.0 Fighting
 * Level 3.6(8.4) Axes
 - Level 10.8(11.0) Maces & Flails
 - Level 3.2 Armour
 - Level 3.0 Stealth
 - Level 3.2 Shields
 - Level 1.5 Necromancy
 - Level 4.9 Invocations
 - Level 5.0 Evocations


You had 5 spell levels left.
You knew the following spells:

 Your Spells              Type           Power      Damage    Failure   Level
d - Vampiric Draining     Necr           1%         2d6       99%         3

Your spell library contained the following spells:

 Spells                   Type           Power      Damage    Failure   Level
 Animate Skeleton         Necr           4%         N/A       91%         1
 Pain                     Necr           8%         1d4       91%         1
 Magic Dart               Conj           0%         1d3       98%         1
 Blink                    Tloc           N/A        N/A       99%         2
 Call Imp                 Summ           0%         N/A       99%         2
 Slow                     Hex            0%         N/A       99%         2
 Conjure Flame            Conj/Fire      0%         6-21      100%        3
 Mephitic Cloud           Conj/Pois/Air  0%         N/A       100%        3
 Animate Dead             Necr           1%         N/A       100%        4
 Agony                    Necr           2%         N/A       100%        5


Dungeon Overview and Level Annotations

Branches:
Dungeon (7/15)             Temple (1/1) D:5

Altars:
Ashenzari
Cheibriados
Dithmenos
Elyvilon
Fedhas
Gozag
Hepliaklqana
Kikubaaqudgha
Makhleb
Nemelex Xobeh
Okawaru
Qazlal
Sif Muna
Trog
Uskayaw
Vehumet
Wu Jian
Xom
Yredelemnul
Zin
The Shining One

Shops:
D:1 ?

Annotations:
D:3 1 runed translucent door, Crazy Yiuf
D:7 Harold


Innate Abilities, Weirdness & Mutations

You are resistant to damage.
You can heal yourself by infusing magical energy.
You passively map the area around you.
You do not regenerate.


Message History

Things that are here:
a +0 flail; an orc corpse
Things that are here:
a +0 club; an orc corpse
m - 2 glowing silvery potions (gained 1)
f - 86 stones (gained 18)
You now have 116 gold pieces (gained 11).
Harold the Weathered comes into view.
He is wielding a +0 glaive.
Harold shouts!
Aiming: Mindburst
Press: ? - help, Shift-Dir - straight line, f - Harold
Aim: Harold, wielding a +0 glaive, wearing a +0 chain mail and quivering 4 throwing nets (chance to affect: 51%) Harold's mind is blasted!!
Aiming: Mindburst
Press: ? - help, Shift-Dir - straight line, f/p - Harold
Aim: Harold, wielding a +0 glaive, wearing a +0 chain mail and quivering 4 throwing nets (moderately wounded, chance to affect: 51%) Harold's mind is blasted!
Harold throws a throwing net.
The throwing net hits you.
You become entangled in the net!
You tear a large gash into the net.
You struggle against the net.
You struggle against the net.
Harold hits you from afar with a +0 glaive!
You struggle against the net.
Harold hits you from afar with a +0 glaive.
* * * LOW HITPOINT WARNING * * *
You rip the net and break free!
Harold hits you but does no damage.
Your magical essence is drained by the effort!
You feel much better. Harold fires a harpoon shot at you.
The harpoon shot hits you!
You are yanked forward by the harpoon shot.
You hit Harold. You burn Harold.
Harold is heavily wounded.
Harold hits you with a +0 glaive!
You closely miss Harold.
Harold is heavily wounded.
Harold hits you with a +0 glaive!
* * * LOW HITPOINT WARNING * * *
Harold hits you with a +0 glaive!
You die...

*##...#####.....##
#...* ##.
*...#.<..#
*#..###..#* ##
#.......## #.....#
# #...#...# #...#
# #.. ###..* #...#
#. #.. * ##...##
#., *
*#..###..##.## ,.,
#.....####.## , *
##..@## ##.## *
#.@## ##.## # *#.(
##.## ### ** ....*
##..# ##.. ,.....
###...# #...
####.. * ###..####
#..# * **, #..
##..### #..# * *
#..* #..## #..# *
*, * #..# ##..


You could see Harold.

Vanquished Creatures
  Maggie (D:6)
  Prince Ribbit (D:6)
  Eustachio (D:6)
  2 water moccasins
  An orc warrior (D:4)
  A sky beast (D:4)
  2 black bears
  An ogre (D:5)
  A necrophage (D:6)
  2 centaurs
  A kobold brigand (D:6)
  3 scorpions
  A bullfrog (D:5)
  A wyvern zombie (D:6)
  A wyvern skeleton (D:7)
  2 howler monkeys
  A bullfrog zombie (D:5)
  5 hounds
  A jelly (D:4)
  A bullfrog skeleton (D:4)
  3 orc priests
  2 centaur skeletons
  Jessica (D:3)
  2 iguanas
  A scorpion zombie (D:5)
  6 orc wizards
  A howler monkey skeleton (D:5)
  A gnoll (D:3)
  4 adders
  A shadow imp (D:6)
  A white imp (D:5)
  An ufetubus (D:4)
  A worm (D:4)
  3 dart slugs
  24 orcs
  5 ball pythons
  5 endoplasms
  3 giant cockroaches
  7 hobgoblins
  4 jackals
  3 quokkas
  2 bats
  3 goblins
  7 kobolds
  2 rats
123 creatures vanquished.

Vanquished Creatures (others)
  3 plants (D:5)
3 creatures vanquished.

Grand Total: 126 creatures vanquished

Notes
Turn   | Place    | Note
-------+----------+-------------------------------------------
     0 | D:1      | avis the Deep Dwarf Fighter began the quest for the Orb.
     0 | D:1      | Reached XP level 1. HP: 20/20 MP: 1/1
   137 | D:1      | Found a faded altar of an unknown god.
   260 | D:1      | Reached skill level 1 in Stealth
   260 | D:1      | Reached XP level 2. HP: 16/27 MP: 2/2
   280 | D:1      | Found Rigeoty's Magic Scroll Boutique.
   288 | D:1      | Bought a scroll of identify for 26 gold pieces
   791 | D:1      | Bought a scroll of teleportation for 39 gold pieces
  1783 | D:1      | Bought a scroll of magic mapping for 45 gold pieces
  1856 | D:3      | Reached XP level 3. HP: 9/34 MP: 3/3
  1863 | D:3      | Reached skill level 3 in Maces & Flails
  1922 | D:3      | Noticed Jessica
  1931 | D:3      | Killed Jessica
  2051 | D:3      | Reached XP level 4. HP: 21/42 MP: 4/4
  2573 | D:3      | Found a runed translucent door.
  2574 | D:3      | Noticed Crazy Yiuf
  2725 | D:3      | HP: 2/42 [orc priest/divine providence (10)]
  2730 | D:3      | Reached skill level 4 in Maces & Flails
  2837 | D:3      | Reached XP level 5. HP: 21/49 MP: 5/5
  3059 | D:3      | Found a bloodstained altar of Trog.
  3530 | D:4      | Reached skill level 5 in Maces & Flails
  3651 | D:4      | Reached XP level 6. HP: 18/56 MP: 6/6
  3867 | D:4      | Learned a level 3 spell: Vampiric Draining
  3991 | D:4      | Identified the +0 leather armour "Adaat" {Harm rF- rCorr
                  | Dex+5}
  4054 | D:4      | Reached skill level 6 in Maces & Flails
  4054 | D:4      | Reached skill level 1 in Necromancy
  4310 | D:5      | Entered Level 5 of the Dungeon
  4358 | D:4      | Reached skill level 7 in Maces & Flails
  4358 | D:4      | Reached XP level 7. HP: 39/62 MP: 7/7
  4472 | D:5      | Reached skill level 8 in Maces & Flails
  4479 | D:5      | Found a radiant altar of Vehumet.
  4586 | D:5      | Reached skill level 9 in Maces & Flails
  4586 | D:5      | Reached XP level 8. HP: 47/69 MP: 8/8
  4611 | D:5      | Found a staircase to the Ecumenical Temple.
  4648 | D:5      | Reached skill level 1 in Evocations
  5237 | Temple   | Entered the Ecumenical Temple
  5337 | Temple   | Became a worshipper of Makhleb the Destroyer
  5461 | D:6      | Found an opulent altar of Gozag.
  5489 | D:6      | Noticed Prince Ribbit
  5504 | D:6      | Reached skill level 10 in Maces & Flails
  5525 | D:6      | Reached skill level 1 in Invocations
  5591 | D:6      | Killed Prince Ribbit
  5611 | D:6      | Noticed Eustachio
  5778 | D:6      | Killed Eustachio
  5806 | D:6      | Found a shadowy altar of Dithmenos.
  5862 | D:6      | Noticed Maggie
  5891 | D:6      | Killed Maggie
  5892 | D:6      | Reached skill level 5 in Evocations
  5892 | D:6      | Gained mutation: You passively map the area around you.
                  | [Deep Dwarf growth]
  5892 | D:6      | Reached XP level 9. HP: 46/75 MP: 2/6
  6032 | D:6      | Reached skill level 1 in Axes
  6054 | D:6      | Found a hazy altar of Hepliaklqana.
  6723 | D:1      | Bought a scroll of brand weapon for 260 gold pieces
  6924 | D:7      | Identified the +1 chain mail "Umofupso" {Str+4}
  7217 | D:7      | Noticed Harold
  7227 | D:7      | Slain by Harold

Illustrated notes

Levels and vault maps discovered:
D:1:      dpeg_arrival_arbitrary_b, layout_basic, serial_shops, shop,
          hellmonk_ecumenical_altar_blasted, minmay_statues_item
D:2:      layout_loops_corners, grunt_decor_fettered
D:3:      layout_basic, trog_antimagical, uniq_crazy_yiuf_cottage, uniq_jessica
D:4:      layout_gridville
D:5:      layout_cave_pools, vehumet_altar_wand_db,
          minmay_temple_entry_overgrown, st_stairs_13, minmay_circle_x
D:6:      layout_basic, marbit_many_paths, lemuel_crystal_altar,
          general_overflow_altar, uniq_eustachio, uniq_prince_ribbit1,
          uniq_maggie
D:7:      layout_layer_cave, uniq_harold
Temple:   nicolae_temple_elliptical

Skill      XL: |  1  2  3  4  5  6  7  8  9 |
---------------+----------------------------+-----
Stealth        | 1 2 3 |  3.0
Fighting       | 3 |  3.0
Maces & Flails | 3 4 5 7 9 10 | 10.8
Necromancy     | 1 |  1.5
Evocations     | 5 |  5.0
Invocations    | 3 4 |  4.9
Axes           | 3 |  3.6
Armour         | |  3.2
Shields        | |  3.2

Action                   |  1- 3 |  4- 6 |  7- 9 || total
-------------------------+-------+-------+-------++-------
Melee: Flail             |    74 |   155 |   426 ||   655
       Dagger            |    10 |       |       ||    10
       Broad axe         |       |       |    42 ||    42
Throw: Boomerang         |       |    35 |       ||    35
 Abil: Heal Wounds       |     1 |     4 |    18 ||    23
Evoke: Wand              |       |       |     6 ||     6
  Use: Scroll            |       |     1 |       ||     1
Armor: Scale mail        |    32 |    51 |       ||    83
       Plate armour      |       |    33 |   377 ||   410
       Chain mail        |       |       |     2 ||     2
Dodge: Dodged            |    22 |    46 |    92 ||   160
Block: Kite shield       |    38 |    93 |   284 ||   415

Table legend: (Time is in decaauts)
 A = Elapsed time spent in this place.
 B = Non-inter-level travel time spent in this place.
 C = Inter-level travel time spent in this place.
 D = Time resting spent in this place.
 E = Time spent auto-exploring this place.
 F = Levels seen in this place.
 G = Mean time per level.
                   A        B        C        D        E       F      G
               +--------+--------+--------+--------+--------+-----+--------+
         Total |   7454 |   6402 |   1052 |    386 |   4098 |   8 |  931.8 |
       Dungeon |   7262 |   6234 |   1028 |    386 |   3952 |   7 | 1037.4 |
        Temple |    191 |    167 |     24 |      0 |    146 |   1 |  191.0 |
               +--------+--------+--------+--------+--------+-----+--------+

Top non-repeatable levels by time:
     D:3: 1580 daAuts
     D:6: 1350 daAuts
     D:4: 1104 daAuts
     D:2: 1076 daAuts
     D:1: 1003 daAuts
     D:5: 817 daAuts
     D:7: 329 daAuts
  Temple: 191 daAuts
